General information
- name: BNet
- type: Ladder team game (AT/RT)
- host: Battle.net
- saver: HoneyBlunt
map: RiceFields
- players: 6
- length: 102:55
- speed: Fast
- version: 1.24 W3XP
- replay type: Public
» download(548 KB)
Players
team 1 (winner)
HoneyBlunt (
blue | 47 APM | 4791 actions | 102:55)
4 Tauren Chieftain
2 War Stomp
2 Endurance Aura
4 Shadow Hunter
2 Hex
2 Healing Wave
1 Firelord
1 Summon Lava Spawn
» actions
| Assign group hotkey | 27 | |
| Basic commands | 300 | |
| Build / train | 104 | |
| ESC pressed | 23 | |
| Enter build submenu | 98 | |
| Enter hero's abilities submenu | 10 | |
| Give item / drop item | 3 | |
| Right click | 2022 | |
| Select / deselect | 859 | |
| Select group hotkey | 978 | |
| Use ability | 367 | |
4791 total
» units
| Peon | 32 | |
| Grunt | 7 | |
| Shaman | 1 | |
| Troll Witch Doctor | 7 | |
| Troll Batrider | 17 | |
| Demolisher | 4 | |
68 total
» upgrades
| Armor | 2 | |
| Spiked Barricades | 2 | |
| Reinforced Defenses | 1 | |
| Witch Doctor Training | 2 | |
| Ranged Weapons | 3 | |
| Shaman Training | 1 | |
| Liquid Fire | 1 | |
| Burning Oil | 1 | |
13 total
» buildings
| Orc Burrow | 6 | |
| Barracks | 1 | |
| Altar of Storms | 1 | |
| War Mill | 2 | |
| Watch Tower | 68 | |
| Stronghold | 3 | |
| Fortress | 1 | |
| Spirit Lodge | 1 | |
| Beastiary | 5 | |
| Voodoo Lounge | 2 | |
| Great Hall | 8 | |
98 total
» build order
00:17 Orc Burrow
00:22 Barracks
00:43 Altar of Storms
00:57 War Mill
01:48 Orc Burrow
02:28 Watch Tower
03:19 Watch Tower
03:39 Watch Tower
04:46 Stronghold
04:47 Stronghold
04:47 Stronghold
05:08 Orc Burrow
06:04 Orc Burrow
07:17 Watch Tower
07:18 Fortress
08:28 Spirit Lodge
08:44 Watch Tower
09:01 Watch Tower
09:04 Watch Tower
10:24 Beastiary
10:36 Watch Tower
10:42 Voodoo Lounge
11:30 Beastiary
11:53 Watch Tower
13:10 Beastiary
13:13 Watch Tower
13:46 Watch Tower
13:47 Watch Tower
15:01 Great Hall
15:21 Watch Tower
17:58 War Mill
18:04 Great Hall
18:05 Watch Tower
18:15 Beastiary
18:18 Beastiary
19:02 Watch Tower
19:04 Watch Tower
19:06 Watch Tower
19:13 Watch Tower
20:00 Watch Tower
20:04 Watch Tower
20:10 Watch Tower
20:20 Watch Tower
20:23 Watch Tower
21:17 Watch Tower
21:31 Watch Tower
21:32 Watch Tower
21:53 Watch Tower
21:56 Watch Tower
22:00 Watch Tower
22:24 Orc Burrow
22:24 Orc Burrow
22:49 Watch Tower
22:52 Watch Tower
22:54 Voodoo Lounge
23:40 Watch Tower
23:44 Watch Tower
24:20 Watch Tower
32:09 Great Hall
32:13 Watch Tower
32:15 Watch Tower
32:18 Watch Tower
32:44 Watch Tower
32:46 Watch Tower
35:25 Great Hall
35:30 Watch Tower
35:32 Watch Tower
36:41 Watch Tower
36:43 Watch Tower
38:32 Great Hall
39:26 Watch Tower
39:27 Watch Tower
39:34 Great Hall
39:55 Watch Tower
42:46 Great Hall
42:49 Watch Tower
42:50 Watch Tower
44:01 Watch Tower
44:03 Watch Tower
44:55 Watch Tower
44:59 Watch Tower
45:59 Watch Tower
46:02 Watch Tower
46:04 Watch Tower
46:05 Watch Tower
46:09 Watch Tower
46:10 Watch Tower
47:42 Watch Tower
47:44 Watch Tower
47:48 Watch Tower
49:02 Watch Tower
49:53 Watch Tower
51:24 Watch Tower
51:26 Watch Tower
52:09 Great Hall
52:13 Watch Tower
52:19 Watch Tower
58:13 Watch Tower
» items
| Healing Salve | 1 | |
| Orb of Lightning | 2 | |
| Lesser Clarity Potion | 1 | |
| Scroll of Town Portal | 2 | |
| Potion of Healing | 1 | |
7 total
po- (
teal | 45 APM | 4547 actions | 100:05)
7 Crypt Lord
1 Carrion Beetles
2 Spiked Carapace
3 Impale
1 Locust Swarm
6 Death Knight
3 Death Coil
2 Unholy Aura
1 Death Pact
5 Lich
2 Frost Nova
2 Frost Armor
1 Death and Decay
» actions
| Assign group hotkey | 105 | |
| Basic commands | 45 | |
| Build / train | 138 | |
| Enter build submenu | 54 | |
| Enter hero's abilities submenu | 18 | |
| Give item / drop item | 2 | |
| Remove unit from queue | 2 | |
| Right click | 2021 | |
| Select / deselect | 820 | |
| Select group hotkey | 1151 | |
| Use ability | 191 | |
4547 total
» units
| Acolyte | 43 | |
| Ghoul | 11 | |
| Gargoyle | 1 | |
| Crypt Fiend | 12 | |
| Frost Wyrm | 5 | |
72 total
» upgrades
| Web | 1 | |
| Burrow | 1 | |
| Creature Attack | 3 | |
| Creature Carapace | 3 | |
| Freezing Breath | 1 | |
9 total
» buildings
| Crypt | 2 | |
| Altar of Darkness | 2 | |
| Ziggurat | 20 | |
| Tomb of Relics | 2 | |
| Graveyard | 1 | |
| Nerubian Tower | 9 | |
| Halls of the Dead | 3 | |
| Sacrificial Pit | 4 | |
| Black Citadel | 2 | |
| Spirit Tower | 7 | |
| Boneyard | 4 | |
| Necropolis | 6 | |
62 total
» build order
00:16 Crypt
00:21 Altar of Darkness
00:36 Ziggurat
01:28 Tomb of Relics
01:36 Graveyard
01:56 Ziggurat
02:48 Nerubian Tower
04:59 Halls of the Dead
06:07 Crypt
06:23 Ziggurat
07:51 Ziggurat
08:16 Sacrificial Pit
08:17 Black Citadel
08:31 Ziggurat
09:03 Spirit Tower
12:11 Boneyard
12:14 Boneyard
13:39 Spirit Tower
13:44 Spirit Tower
13:48 Ziggurat
14:15 Necropolis
15:34 Spirit Tower
15:58 Necropolis
18:59 Ziggurat
21:46 Spirit Tower
22:40 Necropolis
28:33 Necropolis
54:14 Halls of the Dead
57:14 Sacrificial Pit
57:17 Sacrificial Pit
58:09 Ziggurat
73:51 Necropolis
78:07 Ziggurat
78:12 Ziggurat
80:41 Ziggurat
80:48 Nerubian Tower
81:21 Ziggurat
81:50 Ziggurat
82:17 Nerubian Tower
82:19 Nerubian Tower
82:30 Ziggurat
82:43 Nerubian Tower
82:52 Nerubian Tower
83:29 Nerubian Tower
86:00 Ziggurat
86:22 Ziggurat
86:27 Ziggurat
86:57 Nerubian Tower
86:59 Halls of the Dead
87:13 Necropolis
87:18 Ziggurat
87:28 Ziggurat
89:35 Altar of Darkness
89:40 Nerubian Tower
89:57 Sacrificial Pit
90:23 Ziggurat
90:36 Spirit Tower
90:51 Black Citadel
93:00 Spirit Tower
94:19 Boneyard
94:28 Boneyard
94:32 Tomb of Relics
» items
| Rod of Necromancy | 1 | |
| Dust of Appearance | 1 | |
| Scroll of Town Portal | 6 | |
| Scroll of Speed | 1 | |
| Orb of Lightning | 1 | |
| Scroll of Healing | 2 | |
| Orb of Corruption | 1 | |
13 total

»
yeahshesassbats (
red | 90 APM | 8995 actions | 100:05)
2 Blood Mage
1 Flame Strike
1 Siphon Mana
2 Mountain King
1 Storm Bolt
1 Bash
1 Lich
1 Frost Nova
» actions
| Assign group hotkey | 582 | |
| Basic commands | 22 | |
| Build / train | 91 | |
| ESC pressed | 13 | |
| Enter build submenu | 53 | |
| Enter hero's abilities submenu | 5 | |
| Remove unit from queue | 1 | |
| Right click | 2955 | |
| Select / deselect | 1374 | |
| Select group hotkey | 3664 | |
| Use ability | 235 | |
8995 total
» units
| Peasant | 17 | |
| Footman | 10 | |
| Mortar Team | 6 | |
| Siege Engine | 9 | |
| Flying Machine | 5 | |
47 total
» upgrades
| Defend | 1 | |
| Masonry | 3 | |
| Flare | 1 | |
| Barrage | 1 | |
| Fragmentation Shards | 1 | |
| Plating | 1 | |
8 total
» buildings
| Altar of Kings | 1 | |
| Farm | 12 | |
| Barracks | 2 | |
| Scout Tower | 19 | |
| Arcane Tower | 1 | |
| Lumber Mill | 2 | |
| Guard Tower | 9 | |
| Keep | 1 | |
| Blacksmith | 1 | |
| Town Hall | 3 | |
| Arcane Vault | 3 | |
| Workshop | 4 | |
| Castle | 1 | |
59 total
» build order
00:09 Altar of Kings
00:17 Farm
00:57 Barracks
01:01 Farm
01:47 Farm
02:03 Barracks
02:26 Farm
03:36 Scout Tower
04:25 Arcane Tower
04:54 Farm
04:57 Farm
06:03 Farm
07:21 Lumber Mill
07:23 Scout Tower
07:24 Scout Tower
07:25 Scout Tower
08:41 Guard Tower
08:44 Scout Tower
08:47 Scout Tower
09:20 Guard Tower
09:22 Guard Tower
09:57 Keep
11:13 Blacksmith
12:29 Town Hall
13:00 Arcane Vault
13:50 Workshop
13:55 Workshop
13:57 Workshop
14:28 Workshop
14:41 Guard Tower
14:43 Guard Tower
14:44 Guard Tower
16:13 Castle
17:21 Scout Tower
17:34 Farm
17:35 Farm
17:37 Farm
17:49 Scout Tower
18:18 Scout Tower
18:19 Scout Tower
18:20 Scout Tower
18:27 Arcane Vault
18:57 Farm
19:16 Lumber Mill
19:49 Guard Tower
19:53 Arcane Vault
24:55 Farm
26:14 Scout Tower
26:15 Scout Tower
26:16 Scout Tower
26:17 Scout Tower
26:18 Scout Tower
26:48 Guard Tower
26:50 Guard Tower
26:53 Scout Tower
26:54 Scout Tower
26:56 Scout Tower
60:27 Town Hall
66:34 Town Hall
» items
| Potion of Healing | 2 | |
| Scroll of Regeneration | 3 | |
| Ivory Tower | 7 | |
| Scroll of Town Portal | 2 | |
| Staff of Sanctuary | 1 | |
15 total
team 2 (loser)
Fiar (
pink | 54 APM | 5115 actions | 95:07)
9 Blademaster
3 Wind Walk
3 Critical Strike
1 Bladestorm
2 Mirror Image
» actions
| Assign group hotkey | 1 | |
| Basic commands | 1 | |
| Build / train | 90 | |
| Enter build submenu | 23 | |
| Enter hero's abilities submenu | 9 | |
| Give item / drop item | 6 | |
| Remove unit from queue | 3 | |
| Right click | 3903 | |
| Select / deselect | 850 | |
| Use ability | 229 | |
5115 total
» units
» upgrades
| Spiked Barricades | 1 | |
| Liquid Fire | 1 | |
| Reinforced Defenses | 1 | |
3 total
» buildings
| Altar of Storms | 1 | |
| Orc Burrow | 4 | |
| War Mill | 1 | |
| Watch Tower | 32 | |
| Stronghold | 2 | |
| Voodoo Lounge | 2 | |
| Fortress | 1 | |
| Beastiary | 2 | |
| Great Hall | 3 | |
48 total
» build order
00:05 Altar of Storms
00:08 Orc Burrow
00:50 War Mill
02:15 Watch Tower
02:16 Watch Tower
02:18 Watch Tower
03:16 Stronghold
03:42 Watch Tower
04:00 Watch Tower
04:02 Watch Tower
04:44 Voodoo Lounge
05:42 Fortress
05:46 Beastiary
05:48 Beastiary
05:56 Orc Burrow
06:12 Watch Tower
06:16 Orc Burrow
09:18 Orc Burrow
13:12 Watch Tower
13:12 Watch Tower
13:12 Watch Tower
13:13 Watch Tower
13:14 Watch Tower
13:14 Watch Tower
13:15 Watch Tower
13:17 Watch Tower
13:18 Watch Tower
20:12 Watch Tower
20:13 Watch Tower
20:14 Watch Tower
20:14 Watch Tower
20:16 Watch Tower
20:16 Watch Tower
20:16 Watch Tower
20:17 Watch Tower
20:19 Watch Tower
20:20 Watch Tower
20:22 Watch Tower
21:21 Watch Tower
21:21 Watch Tower
21:22 Watch Tower
21:23 Watch Tower
23:39 Watch Tower
25:03 Voodoo Lounge
26:39 Great Hall
26:43 Great Hall
30:59 Great Hall
» items
| Healing Salve | 4 | |
| Lesser Clarity Potion | 8 | |
| Orb of Lightning | 1 | |
| Potion of Mana | 2 | |
| Tiny Great Hall | 2 | |
| Potion of Healing | 1 | |
| Scroll of Town Portal | 5 | |
23 total
KingOfKirblar (
green | 109 APM | 10297 actions | 94:09)
10 Blademaster
3 Wind Walk
3 Critical Strike
1 Bladestorm
3 Mirror Image
3 Shadow Hunter
1 Hex
2 Healing Wave
» actions
| Assign group hotkey | 183 | |
| Basic commands | 237 | |
| Build / train | 142 | |
| ESC pressed | 2 | |
| Enter build submenu | 75 | |
| Enter hero's abilities submenu | 13 | |
| Give item / drop item | 8 | |
| Remove unit from queue | 7 | |
| Right click | 5307 | |
| Select / deselect | 802 | |
| Select group hotkey | 2912 | |
| Use ability | 609 | |
10297 total
» units
| Peon | 26 | |
| Troll Batrider | 19 | |
| Demolisher | 7 | |
| Wind Rider | 3 | |
| Troll Witch Doctor | 1 | |
56 total
» upgrades
| Spiked Barricades | 1 | |
| Reinforced Defenses | 1 | |
| Liquid Fire | 1 | |
| Ranged Weapons | 1 | |
| Envenomed Spears | 1 | |
| Armor | 2 | |
| Witch Doctor Training | 1 | |
| Burning Oil | 1 | |
9 total
» buildings
| Altar of Storms | 1 | |
| Orc Burrow | 8 | |
| War Mill | 1 | |
| Watch Tower | 49 | |
| Voodoo Lounge | 1 | |
| Stronghold | 3 | |
| Beastiary | 4 | |
| Fortress | 1 | |
| Barracks | 1 | |
| Spirit Lodge | 1 | |
70 total
» build order
00:08 Altar of Storms
00:09 Orc Burrow
00:41 War Mill
01:54 Watch Tower
02:03 Watch Tower
02:33 Orc Burrow
03:16 Watch Tower
03:16 Watch Tower
03:18 Watch Tower
03:18 Watch Tower
03:41 Watch Tower
03:41 Watch Tower
04:10 Voodoo Lounge
04:32 Stronghold
04:32 Stronghold
04:33 Stronghold
06:05 Watch Tower
06:05 Watch Tower
06:10 Watch Tower
07:06 Beastiary
07:07 Beastiary
07:09 Fortress
07:43 Watch Tower
07:43 Watch Tower
07:44 Watch Tower
07:53 Watch Tower
07:53 Watch Tower
08:06 Orc Burrow
09:45 Watch Tower
09:45 Watch Tower
11:36 Orc Burrow
12:19 Barracks
14:55 Watch Tower
14:55 Watch Tower
14:56 Watch Tower
14:57 Watch Tower
14:58 Watch Tower
14:59 Watch Tower
16:28 Watch Tower
16:28 Watch Tower
16:29 Watch Tower
16:29 Watch Tower
16:29 Watch Tower
16:30 Watch Tower
18:52 Watch Tower
21:24 Beastiary
21:24 Beastiary
22:43 Orc Burrow
22:44 Orc Burrow
23:34 Orc Burrow
23:34 Orc Burrow
32:28 Spirit Lodge
33:14 Watch Tower
33:14 Watch Tower
33:17 Watch Tower
33:17 Watch Tower
33:18 Watch Tower
33:18 Watch Tower
55:53 Watch Tower
55:54 Watch Tower
55:54 Watch Tower
55:59 Watch Tower
55:59 Watch Tower
56:28 Watch Tower
56:28 Watch Tower
92:04 Watch Tower
92:05 Watch Tower
92:06 Watch Tower
92:29 Watch Tower
92:30 Watch Tower
» items
| Healing Salve | 9 | |
| Lesser Clarity Potion | 16 | |
| Scroll of Speed | 2 | |
| Orb of Lightning | 1 | |
| Tiny Great Hall | 4 | |
| Potion of Healing | 10 | |
| Gloves of Haste | 1 | |
| Potion of Invulnerability | 1 | |
| Potion of Mana | 4 | |
| Scroll of Town Portal | 2 | |
50 total
T0WER (
orange | 10 APM | 1006 actions | 100:05)
4 Blood Mage
2 Flame Strike
2 Siphon Mana
» actions
| Assign group hotkey | 1 | |
| Basic commands | 15 | |
| Build / train | 54 | |
| Enter build submenu | 20 | |
| Enter hero's abilities submenu | 4 | |
| Remove unit from queue | 16 | |
| Right click | 563 | |
| Select / deselect | 163 | |
| Select group hotkey | 89 | |
| Use ability | 81 | |
1006 total
» units
» upgrades
» buildings
| Altar of Kings | 1 | |
| Farm | 4 | |
| Lumber Mill | 2 | |
| Scout Tower | 10 | |
| Guard Tower | 3 | |
| Arcane Tower | 3 | |
| Keep | 1 | |
| Arcane Sanctum | 1 | |
25 total
» build order
00:10 Altar of Kings
00:17 Farm
01:10 Lumber Mill
01:56 Scout Tower
02:28 Guard Tower
02:31 Scout Tower
02:36 Scout Tower
02:43 Farm
03:10 Guard Tower
03:13 Scout Tower
03:18 Farm
03:22 Arcane Tower
03:43 Scout Tower
03:45 Farm
03:46 Guard Tower
15:49 Scout Tower
15:54 Scout Tower
16:04 Scout Tower
16:06 Scout Tower
16:20 Scout Tower
16:28 Arcane Tower
17:12 Arcane Tower
17:41 Keep
20:31 Arcane Sanctum
21:29 Lumber Mill
» items
| Healing Salve | 2 | |
| Lesser Clarity Potion | 2 | |
| Scroll of Town Portal | 1 | |
| Tiny Great Hall | 2 | |
7 total
Chat log
(00:03 / Allies) yeahshesassbats: do we
(00:06 / Allies) yeahshesassbats: even want to play this
(00:08 / Allies) po-: they are proting
(00:12 / Allies) HoneyBlunt: yes pls plz
(00:13 / Allies) yeahshesassbats: i know
(00:35 / Allies) HoneyBlunt: u know the proto for so
(00:42 / Allies) yeahshesassbats: ya but
(00:45 / Allies) yeahshesassbats: they gonna tower
(00:47 / Allies) yeahshesassbats: and we have an ud
(00:55 / Allies) po-: rush and if we fail quit?
(01:03 / Allies) yeahshesassbats: k
(01:15 / Allies) HoneyBlunt: make it a smart one and acvoutplz
(01:16 / Allies) HoneyBlunt: scout
(01:19 / Allies) po-: bring militia on rush to tower
(01:29 / Allies) yeahshesassbats: milita tower vs 2x hu
(01:32 / Allies) yeahshesassbats: nice zzzz
(01:35 / Allies) HoneyBlunt: dont forget 2 bm
(02:06 / Allies) po-: im going cl beetles
(02:09 / Allies) po-: all out lol
(02:36 / Allies) po-: ready?
(02:37 / Allies) yeahshesassbats: dont tower hb
(02:45 / Allies) po-: hb dont waste
(02:53 / Allies) yeahshesassbats: go
(02:55 / Allies) yeahshesassbats: ud tower
(02:56 / Allies) yeahshesassbats: rush
(03:04 / Allies) yeahshesassbats: buy a thing
(03:20 / Allies) yeahshesassbats: and biers doesnt liste
(03:24 / Allies) po-: u fucking dumn
(03:28 / Allies) po-: u fidnt arcance
(03:34 / Allies) yeahshesassbats: ?
(03:34 / Allies) yeahshesassbats: so
(03:40 / Allies) po-: two bms coming at u
(03:48 / Allies) yeahshesassbats: its all out
(04:35 / Allies) yeahshesassbats: kill his bm
(06:12 / Allies) yeahshesassbats: main and next
(06:25 / Allies) yeahshesassbats: biers
(06:26 / Allies) yeahshesassbats: wake up
(06:35 / Allies) po-: get ready for their bats
(06:38 / Allies) po-: start towerin
(07:09 / Allies) yeahshesassbats: check
(07:43 / Allies) po-: need deom
(07:59 / Allies) po-: plan?
(08:04 / Allies) HoneyBlunt: toer up]
(08:06 / Allies) HoneyBlunt: creep map
(08:07 / Allies) yeahshesassbats: keep checking expos
(08:09 / Allies) yeahshesassbats: and tower up
(08:09 / Allies) HoneyBlunt: mass shades
(08:16 / Allies) HoneyBlunt: control map
(08:35 / Allies) HoneyBlunt: do not feed bms
(08:47 / Allies) HoneyBlunt: beare of bat
(09:12 / Allies) yeahshesassbats: check this
(09:20 / Allies) HoneyBlunt: not crept
(10:04 / Allies) yeahshesassbats: dont
(10:05 / Allies) yeahshesassbats: creep
(10:05 / Allies) yeahshesassbats: it
(10:06 / Allies) yeahshesassbats: wtf
(10:06 / Allies) po-: plan?
(10:10 / Allies) po-: wtf do we do
(10:13 / Allies) yeahshesassbats: expo
(10:15 / Allies) yeahshesassbats: and deny expo
(10:20 / Allies) yeahshesassbats: more
(10:21 / Allies) yeahshesassbats: towers
(10:53 / Allies) yeahshesassbats: get counter bats
(10:58 / Allies) yeahshesassbats: and
(11:02 / Allies) yeahshesassbats: biers just creep
(11:03 / Allies) yeahshesassbats: up
(11:04 / Allies) yeahshesassbats: standard ud
(11:07 / Allies) yeahshesassbats: ill check expos
(11:25 / Allies) yeahshesassbats: care
(11:46 / Allies) po-: fuck it bats
(11:52 / Allies) po-: wtf are u doing
(12:01 / Allies) yeahshesassbats: killing orange?
(12:16 / Allies) yeahshesassbats: dont creep
(12:17 / Allies) yeahshesassbats: a red
(12:19 / Allies) yeahshesassbats: with 2 fiends
(12:21 / Allies) yeahshesassbats: and junk
(12:24 / Allies) po-: had more
(13:16 / Allies) yeahshesassbats: get expos up
(15:12 / Allies) yeahshesassbats: check this now
(15:19 / Allies) po-: 50 fucking bats coming
(15:20 / Allies) po-: get bats
(15:27 / Allies) po-: do u have bats yet?
(16:30 / Allies) po-: we lsoe
(16:55 / Allies) yeahshesassbats: told u to constantly check expos
(18:44 / Allies) po-: tp
(18:46 / Allies) po-: i dont have
(19:55 / Allies) HoneyBlunt: mass shades
(21:31 / Allies) po-: tower my expo
(21:41 / Allies) po-: ?
(21:43 / Allies) yeahshesassbats: ya
(21:45 / Allies) yeahshesassbats: i guess
(22:01 / Allies) po-: send tnaks to each main
(22:07 / Allies) yeahshesassbats: ours?
(22:09 / Allies) yeahshesassbats: or theirs
(22:23 / Allies) po-: ours
(25:03 / Allies) po-: tower
(26:07 / Allies) yeahshesassbats: why
(26:08 / Allies) yeahshesassbats: tt
(26:16 / Allies) po-: got caught
(26:25 / Allies) po-: where the cufk where iut
(27:12 / Allies) HoneyBlunt: who weants to control my bats
(28:33 / Allies) yeahshesassbats: good kill ;d
(29:36 / Allies) po-: tp
(29:40 / Allies) po-: comeon bnats
(29:41 / Allies) yeahshesassbats: not reviving it
(30:21 / Allies) yeahshesassbats: do
(30:22 / Allies) yeahshesassbats: u want
(30:24 / Allies) yeahshesassbats: to take that
(30:25 / Allies) yeahshesassbats: down?
(30:48 / Allies) yeahshesassbats: u wanna
(30:51 / Allies) yeahshesassbats: kill their gold
(30:52 / Allies) yeahshesassbats: or no?
(31:14 / Allies) yeahshesassbats: do u guys listen?
(31:20 / Allies) po-: i dont know
(31:24 / Allies) yeahshesassbats: cause
(31:27 / Allies) yeahshesassbats: their main mines
(31:29 / Allies) yeahshesassbats: are prob out
(31:32 / Allies) po-: are
(31:35 / Allies) po-: so we hit exopi?
(31:39 / Allies) yeahshesassbats: i got 12
(31:40 / Allies) yeahshesassbats: tanks
(31:57 / Allies) yeahshesassbats: everyone meet
(32:04 / Allies) yeahshesassbats: dont let them pick shit off
(32:29 / Allies) HoneyBlunt: u got thos?
(32:33 / Allies) yeahshesassbats: ya
(32:53 / Allies) po-: ready?
(33:04 / Allies) HoneyBlunt: where
(33:09 / Allies) yeahshesassbats: expo
(33:17 / Allies) yeahshesassbats: hes trying
(33:17 / Allies) yeahshesassbats: to
(33:18 / Allies) yeahshesassbats: mine
(33:20 / Allies) yeahshesassbats: thru trees
(33:30 / Allies) yeahshesassbats: weak side
(35:28 / Allies) yeahshesassbats: check again
(35:39 / Allies) yeahshesassbats: i meant with shade
(35:40 / Allies) yeahshesassbats: oh
(35:41 / Allies) yeahshesassbats: k
(35:43 / Allies) po-: its going
(36:11 / Allies) yeahshesassbats: put a shade
(36:13 / Allies) yeahshesassbats: so we can see
(38:02 / Allies) po-: expo that
(39:08 / Allies) po-: coming
(40:01 / Allies) yeahshesassbats: kill
(40:03 / Allies) yeahshesassbats: peons
(40:39 / Allies) po-: blunt bring a few bat with u
(40:40 / Allies) yeahshesassbats: try
(40:40 / Allies) yeahshesassbats: to
(40:43 / Allies) yeahshesassbats: intercept
(40:44 / Allies) yeahshesassbats: hes walking
(40:46 / Allies) yeahshesassbats: with verns
(42:13 / Allies) yeahshesassbats: done revive ur flord
(42:15 / Allies) yeahshesassbats: if it dies
(42:16 / Allies) yeahshesassbats: again
(42:57 / Allies) HoneyBlunt: saty
(43:55 / Allies) yeahshesassbats: this no hero game is pretty meh
(44:16 / Allies) po-: u should have made bm hb
(44:55 / Allies) yeahshesassbats: k
(44:56 / Allies) yeahshesassbats: come
(44:59 / Allies) po-: where
(44:59 / Allies) yeahshesassbats: we're gonna kill
(45:01 / Allies) yeahshesassbats: pink
(45:24 / Allies) yeahshesassbats: weako side
(45:31 / Allies) po-: wish u had some morts
(45:35 / Allies) yeahshesassbats: i have 2
(45:45 / Allies) yeahshesassbats: weak
(45:45 / Allies) yeahshesassbats: side
(45:46 / Allies) yeahshesassbats: i said
(45:55 / Allies) po-: more tower/
(45:58 / Allies) po-: ?
(46:35 / Allies) yeahshesassbats: gayest game ever
(47:03 / Allies) yeahshesassbats: after
(48:08 / Allies) po-: sec
(48:34 / Allies) yeahshesassbats: bitch got a doc
(48:37 / Allies) yeahshesassbats: to kill ur shades
(48:38 / Allies) po-: yea
(48:52 / Allies) yeahshesassbats: stay together
(48:59 / Allies) yeahshesassbats: well
(49:00 / Allies) yeahshesassbats: if u had
(49:01 / Allies) yeahshesassbats: his verns
(49:02 / Allies) yeahshesassbats: chase
(49:03 / Allies) yeahshesassbats: lol
(49:09 / Allies) yeahshesassbats: demo
(49:11 / Allies) yeahshesassbats: thru trees
(49:12 / Allies) yeahshesassbats: over here
(49:21 / Allies) yeahshesassbats: give vision
(49:23 / Allies) yeahshesassbats: by ur ward
(49:42 / Allies) yeahshesassbats: i said
(49:43 / Allies) yeahshesassbats: here
(49:59 / Allies) yeahshesassbats: fucking
(50:00 / Allies) yeahshesassbats: nigger
(50:48 / Allies) yeahshesassbats: kill
(50:48 / Allies) yeahshesassbats: that
(50:50 / Allies) yeahshesassbats: i guess
(50:51 / Allies) yeahshesassbats: no tp
(51:12 / Allies) yeahshesassbats: watch
(51:13 / Allies) yeahshesassbats: ur shit
(52:01 / Allies) yeahshesassbats: care
(53:49 / Allies) po-: ic ant make sahde lol
(53:57 / Allies) yeahshesassbats: lol
(54:05 / Allies) po-: gold ,me
(54:24 / Allies) po-: we have to figure somethinte gout
(54:39 / Allies) yeahshesassbats: dead
(54:46 / Allies) po-: wow
(54:47 / Allies) po-: wtf
(54:56 / Allies) yeahshesassbats: kill
(54:57 / Allies) yeahshesassbats: that
(55:03 / Allies) po-: wiat for me
(55:10 / Allies) po-: ready?
(55:18 / Allies) yeahshesassbats: just
(55:19 / Allies) yeahshesassbats: go
(55:20 / Allies) yeahshesassbats: its
(55:21 / Allies) yeahshesassbats: fucking demos
(55:34 / Allies) yeahshesassbats: wtf
(55:37 / Allies) yeahshesassbats: that was super delayed
(55:50 / Allies) yeahshesassbats: keep
(55:51 / Allies) yeahshesassbats: checking
(55:52 / Allies) yeahshesassbats: plz
(56:37 / Allies) po-: gotta buy a tpo
(56:38 / Allies) yeahshesassbats: lol
(56:39 / Allies) yeahshesassbats: joke
(57:23 / Allies) po-: rurn
(57:24 / Allies) po-: trun
(57:33 / Allies) yeahshesassbats: feed
(57:34 / Allies) yeahshesassbats: biers
(57:34 / Allies) yeahshesassbats: for
(57:35 / Allies) yeahshesassbats: worm
(57:36 / Allies) yeahshesassbats: now
(57:39 / Allies) yeahshesassbats: they
(57:41 / Allies) yeahshesassbats: dont have gold
(57:42 / Allies) yeahshesassbats: to bat
(57:43 / Allies) yeahshesassbats: him
(57:46 / Allies) po-: eveyrhing
(57:49 / Allies) yeahshesassbats: no
(57:50 / Allies) yeahshesassbats: like
(57:51 / Allies) yeahshesassbats: 4
(57:51 / Allies) yeahshesassbats: worms
(57:52 / Allies) yeahshesassbats: only
(57:55 / Allies) yeahshesassbats: cause 2 will be
(57:57 / Allies) yeahshesassbats: fucking stunned
(58:01 / Allies) yeahshesassbats: so u need another 2
(58:03 / Allies) yeahshesassbats: to cold
(58:04 / Allies) yeahshesassbats: and rape
(58:06 / Allies) yeahshesassbats: the main
(58:13 / Allies) yeahshesassbats: try
(58:14 / Allies) yeahshesassbats: to
(58:15 / Allies) yeahshesassbats: pick off
(58:16 / Allies) yeahshesassbats: peons
(58:19 / Allies) po-: ?
(58:24 / Allies) yeahshesassbats: he
(58:25 / Allies) yeahshesassbats: tiny
(58:26 / Allies) yeahshesassbats: hall
(58:27 / Allies) yeahshesassbats: it back
(58:39 / Allies) HoneyBlunt: god damn it guys
(58:48 / Allies) HoneyBlunt: we run from every base i start
(59:25 / Allies) yeahshesassbats: just
(59:28 / Allies) yeahshesassbats: dont let him get gold
(59:34 / Allies) yeahshesassbats: gonna
(59:35 / Allies) yeahshesassbats: sneak
(59:37 / Allies) yeahshesassbats: this up
(59:39 / Allies) yeahshesassbats: 100 gold me
(59:46 / Allies) yeahshesassbats: u need
(59:47 / Allies) yeahshesassbats: breath
(59:48 / Allies) yeahshesassbats: b4
(59:49 / Allies) yeahshesassbats: u do it
(59:58 / Allies) yeahshesassbats: breath the 2 sides
(60:00 / Allies) yeahshesassbats: and rape
(60:07 / Allies) po-: gold me
(60:20 / Allies) yeahshesassbats: this is such a dumb game
(60:40 / Allies) HoneyBlunt: they going to win becase we cant stand still long enough to get expos
(60:44 / Allies) po-: we ok
(60:47 / Allies) yeahshesassbats: they're out of gold
(60:48 / Allies) yeahshesassbats: lol
(60:57 / Allies) yeahshesassbats: i got this
(60:58 / Allies) yeahshesassbats: up
(61:04 / Allies) HoneyBlunt: its gonna die soono
(61:08 / Allies) yeahshesassbats: nah
(61:13 / Allies) yeahshesassbats: i dont think they check
(61:26 / Allies) yeahshesassbats: dont
(61:26 / All) KingOfKirblar: Imagine that
(61:29 / Allies) yeahshesassbats: run it towards u
(61:29 / All) KingOfKirblar: a nigger undead getting lucky
(61:30 / Allies) yeahshesassbats: when
(61:31 / Allies) yeahshesassbats: the fucking
(61:33 / Allies) yeahshesassbats: blades
(61:35 / Allies) yeahshesassbats: r running
(61:47 / Allies) HoneyBlunt: good thing we didnt stand there
(62:02 / Allies) HoneyBlunt: watch this one
(62:08 / Allies) yeahshesassbats: im not expoing that
(62:53 / Allies) yeahshesassbats: no breath yet?
(63:13 / Allies) yeahshesassbats: just
(63:14 / Allies) yeahshesassbats: get this
(63:15 / Allies) yeahshesassbats: again
(63:16 / Allies) yeahshesassbats: u have
(63:18 / Allies) yeahshesassbats: towers there
(63:18 / Allies) po-: ward this mine
(63:19 / Allies) yeahshesassbats: alrdy
(63:23 / Allies) po-: ward
(63:43 / Allies) yeahshesassbats: fag
(63:44 / Allies) yeahshesassbats: bat
(63:45 / Allies) yeahshesassbats: here
(64:02 / Allies) HoneyBlunt: they know
(64:07 / Allies) yeahshesassbats: its
(64:08 / Allies) yeahshesassbats: fine
(64:10 / Allies) yeahshesassbats: if they know
(64:14 / Allies) yeahshesassbats: just dont let them stop
(64:15 / Allies) yeahshesassbats: t
(64:16 / Allies) yeahshesassbats: it
(64:28 / Allies) HoneyBlunt: fuck
(64:29 / Allies) HoneyBlunt: this
(64:30 / Allies) HoneyBlunt: shit
(64:49 / Allies) HoneyBlunt: ok
(64:51 / Allies) HoneyBlunt: lets run thath way
(64:52 / Allies) HoneyBlunt: lol
(65:01 / Allies) yeahshesassbats: kil
(65:02 / Allies) HoneyBlunt: ok now the other way
(65:02 / Allies) yeahshesassbats: it
(65:02 / Allies) HoneyBlunt: lol
(65:03 / Allies) yeahshesassbats: now
(65:10 / Allies) yeahshesassbats: use
(65:11 / Allies) yeahshesassbats: breath
(65:14 / Allies) yeahshesassbats: on the towers
(65:15 / Allies) yeahshesassbats: and rape
(65:15 / Allies) yeahshesassbats: it
(65:24 / Allies) yeahshesassbats: ill
(65:27 / Allies) yeahshesassbats: breath for u
(65:46 / Allies) yeahshesassbats: defend ur worms
(66:18 / Allies) yeahshesassbats: just fiend it
(66:35 / Allies) po-: i can t do fucking shit iwth u
(66:42 / Allies) po-: u do itor i do
(67:09 / Allies) yeahshesassbats: is it hard to just fucking cold both at once?
(67:23 / Allies) po-: stopop fucking rburriionw
(67:30 / Allies) po-: damn u bats
(67:38 / Allies) yeahshesassbats: god damn
(67:39 / Allies) yeahshesassbats: it
(68:02 / Allies) HoneyBlunt: these guys are lame
(68:02 / Allies) po-: lost so much bec u fuckmn burrow shit
(68:08 / Allies) yeahshesassbats: ?
(68:11 / Allies) yeahshesassbats: burrowed 1 fiend
(68:18 / Allies) po-: u did 3 times
(68:23 / Allies) HoneyBlunt: this is indeed a gay strategy
(68:32 / Allies) yeahshesassbats: we won
(68:33 / Allies) yeahshesassbats: if biers
(68:35 / Allies) yeahshesassbats: kill that
(68:37 / Allies) yeahshesassbats: dumb main
(68:47 / Allies) yeahshesassbats: would of done it faster
(68:53 / Allies) yeahshesassbats: if biers didnt put 3 worms in ctrl 1
(68:54 / Allies) yeahshesassbats: with his
(68:56 / Allies) yeahshesassbats: shit
(69:04 / Allies) po-: fuck ur shti
(69:45 / Allies) yeahshesassbats: at least get ur
(69:51 / Allies) yeahshesassbats: heroes back
(69:52 / Allies) yeahshesassbats: hb
(70:00 / Allies) HoneyBlunt: i fed instead
(70:50 / Allies) yeahshesassbats: wtf batted me
(70:54 / Allies) po-: bm
(70:56 / Allies) HoneyBlunt: the b,
(70:58 / Allies) HoneyBlunt: m
(71:01 / Allies) yeahshesassbats: the back
(71:03 / Allies) yeahshesassbats: is the easiest way
(71:04 / Allies) yeahshesassbats: in
(71:14 / Allies) po-: was looking for expos
(71:23 / Allies) po-: we need to mine again
(71:27 / Allies) HoneyBlunt: he mining again
(71:30 / Allies) yeahshesassbats: where
(71:31 / Allies) po-: who?
(71:32 / Allies) yeahshesassbats: is he mining
(71:53 / Allies) yeahshesassbats: share
(71:56 / Allies) yeahshesassbats: i need a shade
(72:34 / Allies) po-: thwere is only one bm now
(72:36 / Allies) HoneyBlunt: bat
(72:38 / Allies) po-: dead
(72:39 / Allies) yeahshesassbats: i know
(72:48 / Allies) yeahshesassbats: kid is such a nerdgin
(73:09 / Allies) yeahshesassbats: use ur worm on the demos
(73:57 / Allies) yeahshesassbats: just make him burn his tp
(73:59 / Allies) po-: yea im going
(74:02 / Allies) yeahshesassbats: i think hes outta gold
(74:42 / Allies) HoneyBlunt: i would protect that expo
(74:44 / Allies) HoneyBlunt: alot
(74:55 / Allies) po-: her kjill ed my fucking aco there
(75:04 / Allies) HoneyBlunt: i know
(75:06 / Allies) HoneyBlunt: they wont stop
(75:11 / Allies) HoneyBlunt: i wouldnt leave
(75:28 / Allies) po-: fuckking eh
(75:43 / Allies) po-: cant make units
(75:45 / Allies) HoneyBlunt: he knows
(75:47 / Allies) HoneyBlunt: when to move
(75:51 / Allies) po-: no sthi
(76:06 / Allies) HoneyBlunt: lol he found a shade
(76:20 / Allies) HoneyBlunt: any min
(76:51 / Allies) yeahshesassbats: go
(76:53 / Allies) HoneyBlunt: they distracted u
(76:53 / Allies) yeahshesassbats: kill
(76:55 / Allies) yeahshesassbats: his base
(76:56 / Allies) HoneyBlunt: with a bat
(76:57 / Allies) yeahshesassbats: in the back
(76:58 / Allies) HoneyBlunt: at a dead base
(77:14 / Allies) po-: sned gyro to proetect me
(77:21 / Allies) po-: if i kill two fiend i cna build
(77:41 / Allies) HoneyBlunt: u must
(77:42 / Allies) HoneyBlunt: stand here
(77:43 / Allies) yeahshesassbats: build 2 zigs
(77:45 / Allies) po-: i did
(77:47 / Allies) yeahshesassbats: far
(77:48 / Allies) HoneyBlunt: and devend vs 2 bms
(77:49 / Allies) yeahshesassbats: ass apart
(77:57 / Allies) po-: there is only 1 bm
(77:58 / Allies) yeahshesassbats: build z zig
(78:00 / Allies) yeahshesassbats: a zig
(78:01 / Allies) yeahshesassbats: now
(78:05 / Allies) yeahshesassbats: b4 he kills that aco
(78:25 / Allies) yeahshesassbats: protect it
(78:37 / Allies) HoneyBlunt: be patient
(78:39 / Allies) HoneyBlunt: build up
(78:40 / Allies) po-: yep
(78:40 / Allies) HoneyBlunt: expo again
(78:42 / Allies) HoneyBlunt: protect
(78:44 / Allies) HoneyBlunt: everything
(79:04 / Allies) yeahshesassbats: ill get the bat
(79:23 / Allies) po-: kil that bat
(79:45 / Allies) yeahshesassbats: u need
(79:47 / Allies) yeahshesassbats: to kill it
(79:52 / Allies) po-: those yards badly
(79:53 / Allies) HoneyBlunt: dont
(79:56 / Allies) yeahshesassbats: he
(79:56 / Allies) HoneyBlunt: leave
(79:57 / Allies) HoneyBlunt: the expo
(79:59 / Allies) yeahshesassbats: wont explosde
(80:00 / Allies) yeahshesassbats: with
(80:00 / Allies) yeahshesassbats: a
(80:01 / Allies) HoneyBlunt: they can beat uback to it
(80:04 / Allies) yeahshesassbats: just bring
(80:04 / Allies) yeahshesassbats: the
(80:05 / Allies) yeahshesassbats: dk
(80:06 / Allies) yeahshesassbats: god
(80:08 / Allies) yeahshesassbats: fucking
(80:10 / Allies) yeahshesassbats: run the dk
(80:11 / Allies) po-: wht?
(80:12 / Allies) yeahshesassbats: coil the bat
(80:13 / Allies) yeahshesassbats: and
(80:14 / Allies) yeahshesassbats: leave
(80:15 / Allies) yeahshesassbats: the rest
(80:16 / Allies) po-: go
(80:17 / Allies) yeahshesassbats: of ur shit
(80:22 / Allies) po-: use him
(80:45 / Allies) HoneyBlunt: more acos
(80:49 / Allies) HoneyBlunt: tower it up
(80:54 / Allies) po-: need zigs
(81:28 / Allies) HoneyBlunt: mroe more more
(81:38 / Allies) yeahshesassbats: bat
(81:39 / Allies) yeahshesassbats: is dead
(81:53 / Allies) yeahshesassbats: just
(81:54 / Allies) yeahshesassbats: cold
(81:55 / Allies) yeahshesassbats: tower
(81:57 / Allies) yeahshesassbats: its better
(81:59 / Allies) HoneyBlunt: sscout expos
(82:01 / Allies) yeahshesassbats: ur
(82:02 / Allies) yeahshesassbats: dk
(82:02 / Allies) yeahshesassbats: is
(82:03 / Allies) yeahshesassbats: back
(82:14 / Allies) HoneyBlunt: more morem otowers
(82:22 / Allies) HoneyBlunt: then
(82:25 / Allies) HoneyBlunt: expo again
(82:28 / Allies) HoneyBlunt: and make 30 towers
(82:40 / Allies) yeahshesassbats: do
(82:41 / Allies) yeahshesassbats: u
(82:42 / Allies) yeahshesassbats: not
(82:42 / Allies) yeahshesassbats: see?
(83:01 / Allies) yeahshesassbats: dont
(83:02 / Allies) yeahshesassbats: expo
(83:03 / Allies) yeahshesassbats: until
(83:05 / Allies) yeahshesassbats: u got gold
(83:06 / Allies) yeahshesassbats: for tower
(83:09 / Allies) po-: ok
(83:22 / Allies) po-: is the current expo good?
(83:29 / Allies) yeahshesassbats: shud be
(83:40 / Allies) yeahshesassbats: he
(83:41 / Allies) yeahshesassbats: crept
(83:44 / Allies) yeahshesassbats: gold for an expo
(83:46 / Allies) yeahshesassbats: i think
(84:05 / Allies) po-: build?
(84:08 / Allies) yeahshesassbats: u shud just go kill his back
(84:11 / Allies) yeahshesassbats: i gues
(84:11 / Allies) yeahshesassbats: so
(84:14 / Allies) HoneyBlunt: with what
(84:15 / Allies) HoneyBlunt: expo
(84:21 / Allies) HoneyBlunt: make more towers
(84:28 / All) KingOfKirblar: MORE WYRMS
(84:35 / Allies) HoneyBlunt: he getting madd
(84:35 / Allies) po-: get him?
(84:39 / Allies) HoneyBlunt: u must portect ur gold
(84:40 / Allies) yeahshesassbats: ya
(84:44 / All) po-: come on kirb
(84:50 / All) po-: we played together before
(85:01 / Allies) HoneyBlunt: i gtg for a bit
(85:03 / Allies) HoneyBlunt: im afk
(85:05 / Allies) HoneyBlunt: gl man
(85:08 / Allies) HoneyBlunt: control the gold
(85:11 / Allies) HoneyBlunt: tower this shit up
(85:13 / Allies) HoneyBlunt: mass up
(85:15 / Allies) HoneyBlunt: then kill him
(85:18 / All) po-: bats u readuy
(85:59 / Allies) yeahshesassbats: fucking
(86:00 / Allies) yeahshesassbats: joke
(86:01 / Allies) yeahshesassbats: fog
(86:08 / Allies) yeahshesassbats: that bm
(86:08 / Allies) yeahshesassbats: was
(86:09 / Allies) yeahshesassbats: dead
(86:11 / All) po-: i know
(86:17 / Allies) yeahshesassbats: i had
(86:18 / Allies) yeahshesassbats: ur dk
(86:20 / Allies) yeahshesassbats: coil qed
(86:23 / Allies) yeahshesassbats: he does animation
(86:23 / Allies) yeahshesassbats: and
(86:24 / Allies) yeahshesassbats: then
(86:25 / Allies) yeahshesassbats: he stops
(86:27 / Allies) yeahshesassbats: fucking bs
(86:31 / Allies) yeahshesassbats: wall
(86:32 / Allies) yeahshesassbats: off
(86:43 / Allies) yeahshesassbats: might
(86:44 / Allies) yeahshesassbats: as
(86:44 / Allies) yeahshesassbats: well
(86:46 / Allies) yeahshesassbats: start
(86:48 / Allies) yeahshesassbats: teching
(86:48 / Allies) yeahshesassbats: up
(86:54 / Allies) po-: wah about his storm
(87:02 / Allies) yeahshesassbats: well
(87:03 / Allies) yeahshesassbats: u cant
(87:04 / Allies) yeahshesassbats: sit
(87:06 / Allies) yeahshesassbats: on ur ass
(87:08 / Allies) yeahshesassbats: all day
(87:15 / Allies) yeahshesassbats: bm
(87:20 / Allies) yeahshesassbats: hmm
(87:21 / Allies) yeahshesassbats: fuck
(89:01 / Allies) yeahshesassbats: ur clord
(89:04 / Allies) yeahshesassbats: ran outta
(89:04 / Allies) yeahshesassbats: mana
(89:05 / Allies) yeahshesassbats: like
(89:08 / Allies) yeahshesassbats: in 2 secs
(89:08 / Allies) yeahshesassbats: lol
(89:21 / Allies) yeahshesassbats: get ur heroes back
(89:23 / Allies) yeahshesassbats: and just pump
(89:24 / Allies) yeahshesassbats: fiend
(89:30 / Allies) po-: yea
(89:33 / Allies) yeahshesassbats: he
(89:34 / Allies) yeahshesassbats: doesnt
(89:35 / Allies) yeahshesassbats: have
(89:36 / Allies) yeahshesassbats: anything
(89:39 / Allies) yeahshesassbats: gold me?
(89:53 / Allies) yeahshesassbats: shud
(89:56 / Allies) yeahshesassbats: i get an mk?
(89:57 / Allies) yeahshesassbats: or
(89:59 / Allies) po-: mk
(90:42 / Allies) yeahshesassbats: no
(90:42 / Allies) yeahshesassbats: tp
(90:45 / Allies) yeahshesassbats: go kill
(90:55 / All) KingOfKirblar: playing like trash is okay when you'ren undead
(91:23 / Allies) yeahshesassbats: chase it
(91:36 / Allies) po-: kill mining
(91:52 / Allies) po-: dman it
(91:56 / Allies) po-: why are u with mk alone
(92:36 / Allies) po-: m,ove
(92:36 / Allies) po-: on
(92:39 / Allies) po-: come
(92:52 / Allies) po-: wrym agian soon
(93:00 / Allies) yeahshesassbats: build
(93:02 / Allies) yeahshesassbats: yards
(93:04 / Allies) yeahshesassbats: separate
(93:05 / Allies) po-: soon
(93:40 / All) KingOfKirblar: you are so fucking terrible jesus
(94:01 / Allies) yeahshesassbats: u need
(94:02 / Allies) yeahshesassbats: shop
(94:03 / Allies) yeahshesassbats: lol
(94:15 / Allies) yeahshesassbats: i guess
(94:17 / Allies) yeahshesassbats: we wins
(94:47 / Allies) yeahshesassbats: hes pretty mad
(94:47 / Allies) yeahshesassbats: lol
(94:53 / Allies) po-: yea hes pissed
(95:01 / Allies) yeahshesassbats: we should of left
(95:03 / Allies) yeahshesassbats: after
(95:05 / Allies) yeahshesassbats: we didnt kill
(95:06 / Allies) yeahshesassbats: them
(95:08 / Allies) yeahshesassbats: game
(95:09 / Allies) yeahshesassbats: was
(95:11 / Allies) yeahshesassbats: way too long
(95:19 / Allies) po-: no shit
(95:22 / Allies) yeahshesassbats: 200 gold me
(95:38 / All) po-: i banked 5k fucking leave
(95:43 / Allies) yeahshesassbats: hes
(95:44 / Allies) yeahshesassbats: afk
(95:46 / Allies) yeahshesassbats: hes the hu
(96:09 / Allies) yeahshesassbats: my base
(96:12 / Allies) yeahshesassbats: didnt get touched
(96:13 / Allies) yeahshesassbats: all game
(96:21 / Allies) po-: i know
(97:07 / Allies) po-: they deserved to lose
(97:22 / Allies) po-: nobody fucking does this shit to me
(97:28 / Allies) yeahshesassbats: pretty sure
(97:30 / Allies) yeahshesassbats: everyone does
(97:31 / Allies) yeahshesassbats: lol
(97:39 / Allies) po-: and they LOSE
(98:07 / Allies) yeahshesassbats: go
(98:39 / Allies) yeahshesassbats: awww
(98:40 / Allies) yeahshesassbats: wheres
(98:41 / Allies) yeahshesassbats: blademaster
(98:42 / Allies) yeahshesassbats: lol
(99:08 / Allies) yeahshesassbats: hb was gonna ragquit
(99:10 / Allies) yeahshesassbats: u know?
(99:15 / Allies) po-: yea
(99:18 / Allies) po-: he was scared
(99:23 / Allies) yeahshesassbats: hes
(99:26 / Allies) yeahshesassbats: prob gonna post
(99:29 / Allies) yeahshesassbats: this on the forums
(99:33 / Allies) po-: we should post this
(99:39 / Allies) yeahshesassbats: i dont post games
(99:46 / Allies) yeahshesassbats: but
(99:46 / Allies) po-: they deserve to get laughed at
(99:47 / Allies) yeahshesassbats: w/e u want